 Dungeon Crawl Stone Soup version 0.28-a0-1524-ge72afd5fc6 (webtiles) character file.

Game seed: 11751953292665994694

265 croobank the Insei (level 6, -2/47 HPs)
             Began as a Gnoll Transmuter on Jan 17, 2022.
             Slain by a gnoll shaman (8 damage)
             ... on level 4 of the Dungeon.
             The game lasted 00:15:47 (3331 turns).

croobank the Insei (Gnoll Transmuter)               Turns: 3331, Time: 00:15:47

Health: -2/47      AC:  2    Str: 12    XL:     6   Next: 20%
Magic:  11/14      EV: 13    Int: 12    God:
Gold:   170        SH:  0    Dex: 12    Spells: 5/15 levels left

rFire   . . .      SeeInvis .   f - +0 hand axe
rCold   + . .      Faith    .   (no shield)
rNeg    . . .      Spirit   .   a - +0 robe
rPois   .          Reflect  .   (helmet currently unavailable)
rElec   .          Harm     .   (no cloak)
rCorr   .          Rampage  .   (no gloves)
Will    .....                   (boots currently unavailable)
Stlth   +.........              (no amulet)
HPRegen 0.15/turn               l - ring of flight
MPRegen 0.14/turn               o - ring of protection from cold

@: lit by a corona, appendages, wereblooded (expiring), flying, glowing
A: horns 2, talons 2, fangs 1, strong nose, distributed training
a: End Transformation


You were on level 4 of the Dungeon.
You had temporarily grown beastly horns and talons.
You visited 1 branch of the dungeon, and saw 5 of its levels.

You collected 233 gold pieces.
You spent 63 gold pieces at shops.

Inventory:

Hand Weapons
 f - a +0 hand axe (weapon)
 r - a +0 hand crossbow
 s - a +1 hunting sling
Missiles
 b - 28 bolts
 d - 98 stones
 j - 6 silver javelins
 p - 14 arrows
 t - 2 boomerangs
Armour
 a - a +0 robe (worn)
 g - a +1 pair of boots (melded)
 i - a +0 leather armour
 k - a +0 helmet (melded)
Jewellery
 l - a ring of flight (left hand)
 o - a ring of protection from cold (right hand)
Scrolls
 h - a scroll of silence
 n - 2 scrolls of identify
 q - a scroll of holy word
Potions
 e - 2 potions of might
 m - a potion of degeneration {unknown}


   Skills:
 + Level 3.2 Fighting
 + Level 1.8 Short Blades
 + Level 1.8 Long Blades
 + Level 1.8 Axes
 + Level 1.8 Maces & Flails
 + Level 1.8 Polearms
 + Level 1.8 Staves
 + Level 1.8 Slings
 + Level 1.8 Bows
 + Level 1.8 Crossbows
 + Level 1.8 Throwing
 + Level 1.8 Armour
 + Level 4.9 Dodging
 + Level 1.8 Stealth
 + Level 1.8 Shields
 + Level 6.8 Unarmed Combat
 + Level 5.3 Spellcasting
 + Level 1.4 Conjurations
 + Level 1.4 Hexes
 + Level 1.4 Summonings
 + Level 1.4 Necromancy
 + Level 1.4 Translocations
 + Level 4.1 Transmutations
 + Level 1.4 Fire Magic
 + Level 1.4 Ice Magic
 + Level 1.4 Air Magic
 + Level 1.4 Earth Magic
 + Level 1.4 Poison Magic
 + Level 2.0 Invocations
 + Level 1.8 Evocations


You had 5 spell levels left.
You knew the following spells:

 Your Spells              Type           Power      Damage    Failure   Level
a - Beastly Appendage     Tmut           26%        N/A       3%          1
b - Wereblood             Tmut           13%        N/A       5%          2
c - Passwall              Tmut/Erth      7%         N/A       10%         2
d - Sandblast             Erth           12%        2d6       11%         1
e - Foxfire               Conj/Fire      24%        2x1d5     11%         1
f - Stone Arrow           Conj/Erth      12%        3d7       32%         3

Your spell library contained the following spells:

 Spells                   Type           Power      Damage    Failure   Level
 Spider Form              Tmut/Pois      9%         N/A       19%         3
 Ice Form                 Ice/Tmut       9%         N/A       52%         4


Dungeon Overview and Level Annotations

Branches:
Dungeon (5/15)
 Temple: D:4-7

Altars:
Fedhas
Okawaru
Wu Jian

Shops:
D:2 [

Annotations:
D:3 1 runed translucent door, bande's ghost, amateur GrFi


Innate Abilities, Weirdness & Mutations

You have temporarily grown beastly horns and talons.
You have very sharp teeth.
Your uncanny sense of smell can sniff out nearby items.
Your experience applies equally to all skills.


Message History

You barely miss the gnoll. You claw the gnoll. Your headbutt misses the gnoll.
You punch the gnoll.
You feel a bit better.
You kill the gnoll!
The gnoll shaman hits you with a +0 club.
* * * LOW HITPOINT WARNING * * *
Your horns disappear.
Your talons disappear.
Your +0 helmet unmelds from your body.
Your +1 pair of boots unmelds from your body.
You see here a jackal skeleton.
The gnoll shaman mumbles some strange prayers to its god against you.
You are outlined in light.
You are already empty-handed.
Casting: Beastly Appendage (safe; 3% risk of failure)
Press: ? - help, Q - select action, (/) - cycle Dir - look around, f - activate You grow a pair of large bovine horns.
Your feet morph into talons.
Your +0 helmet melds into your body.
Your +1 pair of boots melds into your body.
r - a +0 hand crossbow (weapon)
Fire: 29 bolts
Press: ? - help, Q - select action, (/) - cycle Shift-Dir - straight line, f - gnoll shaman
Aim: a gnoll shaman, wielding a +0 club and wearing a +0 leather armour (68% to hit)
You shoot a bolt.
The bolt closely misses the gnoll shaman.
Your primal bloodlust is almost over.
Casting: Beastly Appendage (safe; 3% risk of failure)
Confirm with . or Enter, or press ? or * to list all spells.
You extend your transformation's duration.
You howl as the wereblood boils in your veins!
The gnoll shaman hits you with a +0 club.
* * * LOW HITPOINT WARNING * * *
Really attack while wielding your +0 hand crossbow?
Okay, then.
Okay, then.
Okay, then.
Okay, then.
Okay, then.
Unknown command.
f - a +0 hand axe (weapon)
The gnoll shaman hits you with a +0 club!
You die...

#.#...#.#....##...)...$.....
#.......#..(##..........<...
####'####...##>....)....(.##
#.# ##..##............## #.#
#...[.............#.
#.####...÷##.............
#.........####...........
####..##g.# #...........#
#..##@.# ###.....###..
##....## #......###..
#.....# ###.....###.
#....### ####.####. ##...#
##..#.... ##### #........
###.....# ##....# ###...†..


You could see a gnoll shaman.

Vanquished Creatures
  Jessica (D:2)
  An iguana (D:4)
  2 orc wizards (D:4)
  5 gnolls
  An adder (D:2)
  2 worms (D:3)
  4 dart slugs
  7 orcs (D:4)
  9 ball pythons
  3 endoplasms
  A giant cockroach (D:1)
  7 goblins
  8 hobgoblins
  7 jackals
  7 kobolds
  4 quokkas
  5 bats
  4 frilled lizards
  6 rats
84 creatures vanquished.

Notes
Turn   | Place    | Note
-------+----------+-------------------------------------------
     0 | D:1      | croobank the Gnoll Transmuter began the quest for the Orb.
     0 | D:1      | Reached XP level 1. HP: 17/17 MP: 6/6
    64 | D:1      | Reached XP level 2. HP: 17/23 MP: 7/7
   276 | D:1      | Learned a level 2 spell: Wereblood
   520 | D:1      | Reached XP level 3. HP: 26/28 MP: 7/9
   660 | D:1      | Reached skill level 5 in Spellcasting
   969 | D:2      | Noticed Jessica
   977 | D:2      | Killed Jessica
   978 | D:2      | Reached skill level 1 in Short Blades
   978 | D:2      | Reached skill level 1 in Long Blades
   978 | D:2      | Reached skill level 1 in Axes
   978 | D:2      | Reached skill level 1 in Maces & Flails
   978 | D:2      | Reached skill level 1 in Polearms
   978 | D:2      | Reached skill level 1 in Staves
   978 | D:2      | Reached skill level 1 in Slings
   978 | D:2      | Reached skill level 1 in Bows
   978 | D:2      | Reached skill level 1 in Crossbows
   978 | D:2      | Reached skill level 1 in Throwing
   978 | D:2      | Reached skill level 1 in Armour
   978 | D:2      | Reached skill level 1 in Stealth
   978 | D:2      | Reached skill level 1 in Shields
   978 | D:2      | Reached skill level 1 in Invocations
   978 | D:2      | Reached skill level 1 in Evocations
   978 | D:2      | Reached XP level 4. HP: 27/34 MP: 9/11
  1266 | D:2      | Learned a level 2 spell: Passwall
  1268 | D:2      | Learned a level 1 spell: Sandblast
  1691 | D:2      | Reached skill level 1 in Conjurations
  1691 | D:2      | Reached skill level 1 in Hexes
  1691 | D:2      | Reached skill level 1 in Summonings
  1691 | D:2      | Reached skill level 1 in Necromancy
  1691 | D:2      | Reached skill level 1 in Translocations
  1691 | D:2      | Reached skill level 1 in Fire Magic
  1691 | D:2      | Reached skill level 1 in Ice Magic
  1691 | D:2      | Reached skill level 1 in Air Magic
  1691 | D:2      | Reached skill level 1 in Earth Magic
  1691 | D:2      | Reached skill level 1 in Poison Magic
  1744 | D:2      | Found Lyptaer's Armour Shoppe.
  1750 | D:2      | Bought a +0 helmet for 63 gold pieces
  1817 | D:3      | Found a blossoming altar of Fedhas.
  1817 | D:3      | Found an iron altar of Okawaru.
  1817 | D:3      | Found an ornate altar of the Wu Jian Council.
  1858 | D:3      | Noticed bande's ghost (amateur GrFi)
  1864 | D:3      | Found a runed translucent door.
  2110 | D:3      | Found a faded altar of an unknown god.
  2118 | D:3      | Got Plato's Guide on Flames
  2121 | D:3      | Learned a level 1 spell: Foxfire
  2125 | D:3      | Learned a level 3 spell: Stone Arrow
  2348 | D:4      | Reached XP level 5. HP: 40/40 MP: 8/12
  2891 | D:4      | Reached XP level 6. HP: 43/47 MP: 13/13
  2929 | D:4      | HP: 2/47 [gnoll (8)]
  2930 | D:5      | Entered Level 5 of the Dungeon
  3331 | D:4      | Slain by a gnoll shaman

Illustrated notes

Levels and vault maps discovered:
D:1:      amcnicky_arrival_feature_with_door, layout_rooms, minivault_4
D:2:      layout_basic, serial_shops, shop, uniq_jessica
D:3:      layout_rooms, chequers_temple_overflow_statue_of_worship,
          shapermc_ecumenical_altar_rom_forum, hellmonk_ghost_happy_afterlife
D:4:      layout_cave_pools, nicolae_ossuary_entry_ruins,
          kennysheep_small_square
D:5:      layout_cave_pods, makhleb_heckhound_becter, minmay_stone_trees_small

Skill      XL: |  1  2  3  4  5  6 |
---------------+-------------------+-----
Spellcasting   | 5 |  5.3
Short Blades   | 1 |  1.8
Long Blades    | 1 |  1.8
Axes           | 1 |  1.8
Maces & Flails | 1 |  1.8
Polearms       | 1 |  1.8
Staves         | 1 |  1.8
Slings         | 1 |  1.8
Bows           | 1 |  1.8
Crossbows      | 1 |  1.8
Throwing       | 1 |  1.8
Armour         | 1 |  1.8
Stealth        | 1 |  1.8
Shields        | 1 |  1.8
Invocations    | 1 2 |  2.0
Evocations     | 1 |  1.8
Conjurations   | 1 |  1.4
Hexes          | 1 |  1.4
Summonings     | 1 |  1.4
Necromancy     | 1 |  1.4
Translocations | 1 |  1.4
Fire Magic     | 1 |  1.4
Ice Magic      | 1 |  1.4
Air Magic      | 1 |  1.4
Earth Magic    | 1 |  1.4
Poison Magic   | 1 |  1.4
Fighting       | 3 |  3.2
Transmutations | 4 |  4.1
Dodging        | |  4.9
Unarmed Combat | |  6.8

Action                   |  1- 3 |  4- 6 || total
-------------------------+-------+-------++-------
Melee: Unarmed           |    55 |   101 ||   156
       Kick              |    12 |    19 ||    31
       Bite              |     7 |     8 ||    15
       Punch             |     2 |     6 ||     8
       Headbutt          |     4 |    12 ||    16
 Fire: Hand crossbow     |       |     5 ||     5
 Cast: Beastly Appendage |    13 |    29 ||    42
       Wereblood         |       |     6 ||     6
       Sandblast         |       |     1 ||     1
  Use: Scroll            |     3 |     4 ||     7
       Potion            |       |     1 ||     1
 Stab: Sleeping          |       |     2 ||     2
Armor: Robe              |     8 |    11 ||    19
Dodge: Dodged            |    34 |    84 ||   118

Table legend: (Time is in decaauts)
 A = Elapsed time spent in this place.
 B = Non-inter-level travel time spent in this place.
 C = Inter-level travel time spent in this place.
 D = Time resting spent in this place.
 E = Time spent auto-exploring this place.
 F = Levels seen in this place.
 G = Mean time per level.
                   A        B        C        D        E       F      G
               +--------+--------+--------+--------+--------+-----+--------+
         Total |   3312 |   3218 |     94 |    820 |   1498 |   5 |  662.4 |
       Dungeon |   3312 |   3218 |     94 |    820 |   1498 |   5 |  662.4 |
               +--------+--------+--------+--------+--------+-----+--------+

Top non-repeatable levels by time:
     D:2: 961 daAuts
     D:1: 846 daAuts
     D:3: 799 daAuts
     D:5: 372 daAuts
     D:4: 332 daAuts
